 Dungeon Crawl Stone Soup version 0.20.0-7-g3b7b877 (webtiles) character file.

1650 Inarius the Stinger (level 8, -1/60 HPs)
             Began as a Green Draconian Venom Mage on May 29, 2017.
             Was a Believer of Kikubaaqudgha.
             Slain by a killer bee (5 damage)
             ... on level 8 of the Dungeon.
             The game lasted 00:20:06 (5613 turns).

Inarius the Stinger (Green Draconian Venom Mage)    Turns: 5613, Time: 00:20:07

Health: -1/60      AC:  7    Str: 15    XL:     8   Next: 67%
Magic:  0/15       EV: 13    Int: 18    God:    Kikubaaqudgha [**....]
Gold:   228        SH:  0    Dex: 11    Spells: 2/16 levels left

rFire    . . .     SeeInvis .   w - +9 mace of Kuow {crush, *Corrode Str+4 Stlth+}
rCold    . . .     Gourm    .   (no shield)
rNeg     . . .     Faith    .   (armour unavailable)
rPois    +         Spirit   .   f - +0 hat
rElec    .         Reflect  .   z - +0 cloak
rCorr    .         Harm     .   (no gloves)
MR       .....                  (no boots)
Stlth    ++++......             (no amulet)
Regen    0.2/turn               i - ring of stealth
MPRegen  0.2/turn               (no ring)

@: about to teleport, very slightly contaminated
A: breathe noxious fumes, unfitting armour, poison resistance, cold-blooded, AC
+6
a: Breathe Noxious Fumes, Receive Corpses, Renounce Religion


You were on level 8 of the Dungeon.
You worshipped Kikubaaqudgha.
Kikubaaqudgha was pleased with you.
You were not hungry.

You visited 1 branch of the dungeon, and saw 6 of its levels.

You collected 228 gold pieces.

Inventory:

Hand Weapons
 w - the +9 mace of Kuow (weapon) {crush, *Corrode Str+4 Stlth+}
   (You found it on level 4 of the Dungeon)

   It inflicts extra damage upon your enemies.
   It affects your strength (+4).
   It may corrode you when you take damage.
   It makes you more stealthy.
 y - a +3 quarterstaff of chaos
 A - a +3 dagger of holy wrath
Armour
 f - a +0 hat (worn)
 z - a +0 cloak (worn)
Jewellery
 i - a ring of stealth (left hand)
Scrolls
 e - a scroll of noise
 h - 2 scrolls of remove curse
 m - a scroll of fog
 q - 2 scrolls of teleportation
 v - a scroll of fear
Potions
 d - 2 potions of curing
 g - 2 potions of mutation {unknown}
 j - 2 potions of cancellation {unknown}
 k - a potion of haste {unknown}
 o - a potion of flight
 r - a potion of resistance
 s - a potion of magic {unknown}
 t - 2 potions of degeneration {unknown}
Books
 a - a Young Poisoner's Handbook

   Spells                             Type                      Level
   a - Sting                          Conjuration/Poison           1
   b - Poisonous Vapours              Poison/Air                   2
   c - Mephitic Cloud                 Conjuration/Poison/Air       3
   d - Olgreb's Toxic Radiance        Poison                       4
   e - Venom Bolt                     Conjuration/Poison           5
 x - Kikubaaqudgha's Papyrus of Unholy Magic
   (Kikubaaqudgha gifted it to you on level 2 of the Dungeon)

   Spells                             Type                      Level
   a - Animate Skeleton               Necromancy                   1
   b - Corpse Rot                     Necromancy                   2
   c - Sublimation of Blood           Necromancy                   2
   d - Regeneration                   Charms/Necromancy            3
   e - Control Undead                 Necromancy                   4
Comestibles
 b - 3 bread rations
 n - 2 royal jellies


   Skills:
 + Level 1.6 Fighting
 * Level 4.2 Dodging
 - Level 1.7 Stealth
 + Level 4.9 Spellcasting
 * Level 4.0 Conjurations
 * Level 3.4 Necromancy
 * Level 4.8 Air Magic
 + Level 6.3 Poison Magic


You had 2 spell levels left.
You knew the following spells:

 Your Spells              Type           Power        Failure   Level  Hunger
a - Sting                 Conj/Pois      ###.         1%          1    None
b - Poisonous Vapours     Pois/Air       ###...       1%          2    #......
c - Olgreb's Toxic Radia  Pois           ####....     10%         4    ####...
d - Control Undead        Necr           ###.......   32%         4    ####...
e - Regeneration          Chrm/Necr      ##........   21%         3    ###....


Dungeon Overview and Level Annotations

Branches:
Dungeon (5/15)
 Temple: D:4-7

Altars:
Elyvilon
Kikubaaqudgha
Sif Muna
Trog
Uskayaw


Innate Abilities, Weirdness & Mutations

You can breathe blasts of noxious fumes.
Your lurid green scales are hard. (AC +6)
You cannot fit into any form of body armour.
Your system is resistant to poisons. (rPois)
You are cold-blooded and may be slowed by cold attacks.


Message History

The killer bee is poisoned.
The killer bee closely misses you.
Casting: Poisonous Vapours
Confirm with . or Enter, or press ? or * to list all spells.
Okay, then.
You feel better. The killer bee stings you.
* * * LOW HITPOINT WARNING * * *
The killer bee closely misses you.
A killer bee comes into view.
Casting: Poisonous Vapours
Confirm with . or Enter, or press ? or * to list all spells.
Okay, then.
As you read the scroll of teleportation, it crumbles to dust.
You feel strangely unstable.
The killer bee buzzes angrily.
The killer bee stings you but does no damage. x2
The killer bee stings you.
* * * LOW HITPOINT WARNING * * *
The killer bee stings you.
You die...
Kikubaaqudgha rasps: "You have failed me!
Welcome... death!"

.#.# ...
###########.#
#...........#
#.#....)..###
#...†...#
#.......#
####+#.......#
#@y...y......#
#.y..........#
#........#####
#........#
#........#
#........#
#........#
#........#
#........#


You could see 3 killer bees.

Vanquished Creatures
  A moth of wrath (D:5)
  Prince Ribbit (D:5)
  An ice beast (D:5)
  3 ogres
  A centaur (D:5)
  3 killer bees (D:8)
  A howler monkey (D:4)
  2 hounds
  A jelly (D:4)
  2 orc priests (D:4)
  2 orc wizards (D:4)
  A bullfrog skeleton (D:3)
  Terence (D:2)
  Crazy Yiuf (D:3)
  An iguana (D:5)
  A worker ant zombie (D:3)
  4 gnolls (D:3)
  7 adders
  3 oozes
  2 worms (D:5)
  2 dart slugs (D:1)
  4 leopard geckos
  9 orcs
  7 bats
  3 giant cockroaches
  5 hobgoblins
  4 jackals
  2 ball pythons (D:3)
  3 frilled lizards (D:1)
  11 goblins
  3 kobolds (D:1)
  A leopard gecko skeleton (D:4)
  2 quokka skeletons (D:5)
  11 rats
106 creatures vanquished.

Notes
Turn   | Place    | Note
-------+----------+-------------------------------------------
     0 | D:1      | Inarius the Draconian Venom Mage began the quest for the Orb.
     0 | D:1      | Reached XP level 1. HP: 14/14 MP: 3/3
   466 | D:1      | Reached XP level 2. HP: 20/20 MP: 1/5
   479 | D:1      | Learned a level 2 spell: Poisonous Vapours
   976 | D:1      | Reached XP level 3. HP: 26/26 MP: 4/6
  1325 | D:2      | Found an ancient bone altar of Kikubaaqudgha.
  1477 | D:2      | Became a worshipper of Kikubaaqudgha
  1668 | D:2      | Noticed Terence
  1682 | D:2      | Killed Terence
  1682 | D:2      | Reached XP level 4. HP: 29/33 MP: 0/7
  2116 | D:3      | Learned a level 4 spell: Olgreb's Toxic Radiance
  2119 | D:3      | Found a white marble altar of Elyvilon.
  2129 | D:3      | Reached skill level 1 in Air Magic
  2502 | D:3      | Reached XP level 5. HP: 24/38 MP: 1/9
  2885 | D:3      | Found a hide-covered altar of Uskayaw.
  2885 | D:3      | Found a deep blue altar of Sif Muna.
  2944 | D:3      | Reached skill level 1 in Necromancy
  3030 | D:2      | Reached * piety under Kikubaaqudgha
  3030 | D:2      | Identified Kikubaaqudgha's Papyrus of Unholy Magic (Kikubaaqudgha gifted it to you on level 2 of the Dungeon)
  3030 | D:2      | Received a gift from Kikubaaqudgha
  3190 | D:3      | Found a runed door.
  3194 | D:3      | Noticed Crazy Yiuf
  3198 | D:3      | Killed Crazy Yiuf
  3664 | D:3      | Reached XP level 6. HP: 45/46 MP: 7/10
  3819 | D:4      | Reached skill level 4 in Poison Magic
  4092 | D:4      | Reached skill level 1 in Fighting
  4118 | D:4      | Got a warped mace
  4119 | D:4      | Identified the +9 mace of Kuow {crush, *Corrode Str+4 Stlth+} (You found it on level 4 of the Dungeon)
  4277 | D:4      | Your scales start taking on a lurid green colour.
  4277 | D:4      | Reached skill level 5 in Poison Magic
  4277 | D:4      | Reached XP level 7. HP: 49/52 MP: 1/12
  4277 | D:4      | Gained mutation: Your system is resistant to poisons. (rPois) [Green Draconian growth]
  4364 | D:4      | Learned a level 4 spell: Control Undead
  4670 | D:5      | Entered Level 5 of the Dungeon
  4981 | D:5      | Noticed Prince Ribbit
  4992 | D:5      | Killed Prince Ribbit
  4992 | D:5      | Reached XP level 8. HP: 38/59 MP: 2/14
  5207 | D:5      | Noticed a moth of wrath
  5210 | D:5      | Found a bloodstained altar of Trog.
  5225 | D:5      | Killed a moth of wrath
  5225 | D:5      | Reached skill level 6 in Poison Magic
  5320 | D:5      | Reached ** piety under Kikubaaqudgha
  5505 | D:5      | Learned a level 3 spell: Regeneration
  5541 | D:5      | You fall through a shaft for 3 floors!
  5607 | D:8      | HP: 3/60 [killer bee (9)]
  5613 | D:8      | Slain by a killer bee

Skill      XL: |  1  2  3  4  5  6  7  8 |
---------------+-------------------------+-----
Dodging        | 2 3 4 |  4.2
Air Magic      | 1 2 3 4 |  4.8
Necromancy     | 1 2 3 |  3.4
Conjurations   | 2 3 4 |  4.0
Spellcasting   | 3 4 |  4.9
Poison Magic   | 5 6 |  6.3
Fighting       | 1 |  1.6
Stealth        | |  1.7

Action                   |  1- 3 |  4- 6 |  7- 9 || total
-------------------------+-------+-------+-------++-------
Melee: Unarmed           |    44 |       |       ||    44
       Tailslap          |     4 |     8 |     4 ||    16
       Short sword       |     7 |    14 |       ||    21
       Dagger            |       |    57 |     3 ||    60
       Quarterstaff      |       |    21 |       ||    21
       Mace              |       |     8 |    34 ||    42
 Cast: Sting             |    46 |    11 |     1 ||    58
       Poisonous Vapours |     3 |    43 |    29 ||    75
       Olgreb's Toxic Ra |       |     3 |     2 ||     5
       Control Undead    |       |       |     2 ||     2
  Use: Scroll            |     1 |       |    10 ||    11
       Potion            |       |     1 |     5 ||     6
 Stab: Sleeping          |       |     3 |       ||     3
  Eat: Chunk             |     2 |    13 |     6 ||    21
Armor: Skin              |    25 |    40 |    14 ||    79
Dodge: Dodged            |    38 |    91 |    42 ||   171
